 Dungeon Crawl Stone Soup version 0.29.0-4-gdea44cf6ec (webtiles) character file.

Game seed: 15165086782692165281

10161 qw the Cleaver (level 11, -1/94 HPs)
             Began as a Minotaur Berserker on Sept 7, 2022.
             Was an Elder of Trog.
             Slain by a black mamba (4 damage)
             ... on level 1 of the Lair of Beasts.
             The game lasted 00:03:21 (9381 turns).

qw the Cleaver (Minotaur Berserker)                 Turns: 9381, Time: 00:03:22

Health: -1/94      AC: 27    Str: 25 (26) XL:     11   Next: 32%
Magic:  10/10      EV:  7    Int:  4      God:    Trog [****..]
Gold:   1385       SH: 17    Dex: 11 (12) Spells: 10/10 levels left

rFire   . . .      SeeInvis +   m - +4 morningstar
rCold   . . .      Faith    .   g - +0 tower shield
rNeg    . . .      Spirit   .   r - +8 chain mail of Light {rC- Dex+6}
rPois   +          Reflect  .   (helmet restricted)
rElec   .          Harm     .   (no cloak)
rCorr   +          Rampage  .   q - +2 pair of gloves
Will    .....                   (no boots)
Stlth   ..........              k - amulet of regeneration
HPRegen 1.05/turn               e - ring of Asceticism {rPois rC+ rCorr Dex-4 SInv}
MPRegen 0.12/turn               f - +4 ring of protection

@: on berserk cooldown, slowed, very slow
A: horns 2, retaliatory headbutt, iridescent scales 1
a: Renounce Religion, Berserk, Trog's Hand, Brothers in Arms


You were on level 1 of the Lair of Beasts.
You worshipped Trog.
Trog was greatly pleased with you.
You visited 2 branches of the dungeon, and saw 10 of its levels.

You collected 1385 gold pieces.


Innate Abilities, Weirdness & Mutations

You have a pair of horns on your head.
You reflexively headbutt those who attack you in melee.
You are partially covered in iridescent scales. (AC +2)


   Skills:
 - Level 8.0 Fighting
 + Level 13.7 Axes
 - Level 3.1 Throwing
 - Level 5.3 Armour
 - Level 4.2 Dodging
 - Level 13.0 Shields


You had 10 spell levels left.
You didn't know any spells.
Your spell library was empty.

Inventory:

Hand Weapons
 m - a +4 morningstar (weapon)
 Y - a +1 war axe
Missiles
 h - 2 boomerangs
 p - a javelin (quivered)
Armour
 b - +5 swamp dragon scales
 g - a +0 tower shield (worn)
 q - a +2 pair of gloves (worn)
 r - the +8 chain mail of Light (worn) {rC- Dex+6}
   (You found it on level 8 of the Dungeon)

   Dex:       It affects your dexterity (+6).
   rC:        It makes you vulnerable to cold.
 w - a +2 chain mail of fire resistance
Jewellery
 c - a ring of protection from fire
 e - the ring of Asceticism (left hand) {rPois rC+ rCorr Dex-4 SInv}
   (You found it on level 9 of the Dungeon)

   [ring of protection from cold]

   Dex:       It affects your dexterity (-4).
   rC:        It protects you from cold.
   rPois:     It protects you from poison.
   SInv:      It lets you see invisible.
   rCorr:     It protects you from acid and corrosion.
 f - a +4 ring of protection (right hand)
 k - an amulet of regeneration (around neck)
 t - a ring of protection from fire
Scrolls
 l - a scroll of enchant armour
 s - 5 scrolls of identify
Potions
 a - a potion of cancellation {unknown}
 d - 4 potions of curing
 i - 2 potions of might
 j - a potion of haste
 u - 4 potions of mutation

Dungeon Overview and Level Annotations

Branches:
Dungeon (9/15)             Temple (0/1) D:5            Lair (1/5) D:9
    Orc: D:9-12

Altars:
Gozag
Makhleb
Qazlal
Ru
Wu Jian
Xom
Yredelemnul

Annotations:
D:2 1 runed translucent door, Crazy Yiuf


Message History

The six-headed hydra bites you but does no damage.
The six-headed hydra bites you.
The six-headed hydra bites you but does no damage.
The six-headed hydra bites you!
The six-headed hydra bites you but does no damage. x2
9379 ||| INVOKING Brothers in Arms.
Your ogre goes berserk!
The black mamba bites you but does no damage.
The black mamba bites you. The komodo dragon bites you.
You block the six-headed hydra's attack.
The six-headed hydra bites you but does no damage. x2
You block the six-headed hydra's attack.
The six-headed hydra bites you.
The six-headed hydra bites you but does no damage.
The black mamba bites you but does no damage.
You block the komodo dragon's attack.
9380 ||| SWAPPING to +4 morningstar.
m - a +4 morningstar (weapon)
You block the black mamba's attack.
The six-headed hydra bites you but does no damage. x2
You block the six-headed hydra's attack.
The six-headed hydra closely misses you.
The six-headed hydra barely misses you.
The six-headed hydra bites you but does no damage.
The komodo dragon bites you!!
You hit the six-headed hydra. You headbutt the six-headed hydra.
The six-headed hydra is lightly wounded.
You block the black mamba's attack.
The black mamba bites you but does no damage.
Your ogre hits the komodo dragon with a +0 giant club!!
The black mamba bites you but does no damage.
The six-headed hydra bites you but does no damage. x4
You block the six-headed hydra's attack.
The six-headed hydra bites you but does no damage.
The komodo dragon bites you but does no damage.
Your ogre hits the komodo dragon with a +0 giant club!!
The komodo dragon dies!
Trog accepts your kill. The black mamba bites you.
You die...

######### ####
###..##.#.####..#######
.......................
......#####.##......##
.....## #####.....#
......# #......##
.....## ...###......#
.....# .....)%O@...##
.....# ....#.#S%D..#
.....# .. .8.#.....#
.....P ... .##...# ..
#...... ...# .. .......
##.. .. ..(.... #.. ..
.... #.. ..


You could see a six-headed hydra, a black mamba and a friendly ogre (summoned,
berserk).

Vanquished Creatures
  A centaur warrior (D:9)
  A death knight (D:9)
  A two-headed ogre (D:9)
  A manticore (D:9)
  A komodo dragon (Lair:1)
  A troll (D:9)
  A wraith (D:9)
  4 wyverns
  16 yaks
  A basilisk (D:9)
  A vampire mosquito (D:9)
  An acid dragon (D:9)
  5 water moccasins
  2 orc warriors
  3 black bears
  3 ice beasts
  2 sky beasts (D:6)
  An ogre (D:6)
  3 centaurs
  3 phantoms
  4 kobold brigands
  4 bullfrogs
  2 gnoll sergeants (D:9)
  3 scorpions
  4 wights
  4 killer bees (D:9)
  A howler monkey (D:9)
  5 hounds
  A jelly (D:7)
  7 orc priests
  6 iguanas
  5 orc wizards
  Natasha (twice) (D:2)
  8 gnolls
  7 adders
  2 shadow imps (D:8)
  3 white imps
  2 ufetubi
  3 dart slugs
  22 orcs
  10 endoplasms
  A giant cockroach (D:3)
  9 hobgoblins
  16 kobolds
  3 quokkas
  9 ball pythons
  2 bats
  5 frilled lizards
  5 goblins
  6 rats
213 creatures vanquished.

Vanquished Creatures (collateral kills)
  A komodo dragon (Lair:1)
1 creature vanquished.

Vanquished Creatures (others)
  2 fungi (Lair:1)
  2 plants (Lair:1)
  4 toadstools (D:3)
8 creatures vanquished.

Grand Total: 222 creatures vanquished

Notes
Turn   | Place    | Note
-------+----------+-------------------------------------------
     0 | D:1      | qw the Minotaur Berserker began the quest for the Orb.
     0 | D:1      | Reached XP level 1. HP: 19/19 MP: 0/0
     0 | D:1      | 0 ||| qw: Version: 0.1-a-108-g9e35731
     0 | D:1      | 0 ||| qw: Game counter: 6525
     0 | D:1      | 0 ||| qw: Always use a shield: true
     0 | D:1      | 0 ||| qw: Do Orc after D:15 true
     0 | D:1      | 0 ||| qw: Do second Lair branch before Depths: true
     0 | D:1      | 0 ||| qw: Lair rune preference: random
     0 | D:1      | 0 ||| qw: Plans: Normal
     0 | D:1      | 0 ||| PLANNING D:1-11
   282 | D:1      | Reached XP level 2. HP: 21/26 MP: 1/1
   345 | D:1      | 345 ||| Stepping ~*~*~tactically~*~*~ (stealth).
   349 | D:1      | 349 ||| Stepping ~*~*~tactically~*~*~ (stealth).
   350 | D:1      | 350 ||| Stepping ~*~*~tactically~*~*~ (stealth).
   728 | D:1      | 728 ||| Stepping ~*~*~tactically~*~*~ (stealth).
  1007 | D:1      | 1007 ||| UPGRADING to +0 ring mail.
  1017 | D:1      | 1017 ||| DROPPING +0 animal skin.
  1018 | D:1      | 1018 ||| UPGRADING to +0 scale mail.
  1028 | D:1      | 1028 ||| DROPPING +0 ring mail.
  1029 | D:1      | 1029 ||| READING scroll labelled GIEGOS SUTYAM.
  1030 | D:1      | 1030 ||| DRINKING 3 bubbling golden potions.
  1031 | D:1      | 1031 ||| DRINKING 2 smoky emerald potions.
  1032 | D:1      | 1032 ||| DROPPING potion of attraction.
  1266 | D:2      | Noticed Natasha
  1267 | D:2      | 1267 ||| Stepping ~*~*~tactically~*~*~ (hiding).
  1268 | D:2      | 1268 ||| Stepping ~*~*~tactically~*~*~ (hiding).
  1270 | D:2      | 1270 ||| Stepping ~*~*~tactically~*~*~ (hiding).
  1273 | D:2      | 1273 ||| INVOKING Berserk.
  1274 | D:2      | Killed Natasha
  1275 | D:2      | Reached XP level 3. HP: 31/31 MP: 2/2
  1301 | D:2      | Noticed Natasha
  1310 | D:2      | Killed Natasha
  1311 | D:2      | Reached skill level 6 in Axes
  1311 | D:2      | Reached XP level 4. HP: 28/39 MP: 3/3
  1528 | D:2      | Found a runed translucent door.
  1529 | D:2      | Noticed Crazy Yiuf
  1754 | D:2      | 1754 ||| Stepping ~*~*~tactically~*~*~ (stealth).
  1755 | D:2      | 1755 ||| Stepping ~*~*~tactically~*~*~ (stealth).
  1756 | D:2      | 1756 ||| Stepping ~*~*~tactically~*~*~ (stealth).
  1819 | D:2      | 1819 ||| READING scroll labelled VAPUMA XAROELI.
  1820 | D:2      | 1820 ||| READING scroll labelled GAHUSTR MIOPLA.
  1821 | D:2      | 1821 ||| DRINKING 2 black potions.
  1822 | D:2      | 1822 ||| DROPPING potion of invisibility.
  1913 | D:3      | 1913 ||| DROPPING +0 whip.
  2244 | D:3      | 2244 ||| Stepping ~*~*~tactically~*~*~ (stealth).
  3232 | D:3      | 3232 ||| UPGRADING to +0 swamp dragon scales.
  3242 | D:3      | 3242 ||| DROPPING +0 scale mail.
  3243 | D:3      | 3243 ||| READING scroll of enchant armour.
  3243 | D:3      | 3243 ||| ENCHANTING +0 swamp dragon scales.
  3244 | D:3      | 3244 ||| UPGRADING to +4 ring of protection.
  3245 | D:3      | 3245 ||| READING scroll labelled KEOWIR ELOSIALOK.
  3246 | D:3      | 3246 ||| READING scroll labelled OLIZIA COUKHE.
  3327 | D:4      | Reached XP level 5. HP: 41/45 MP: 4/4
  3408 | D:4      | 3408 ||| Stepping ~*~*~tactically~*~*~ (stealth).
  3411 | D:4      | 3411 ||| Stepping ~*~*~tactically~*~*~ (stealth).
  3479 | D:4      | 3479 ||| READING scroll of enchant armour.
  3479 | D:4      | 3479 ||| ENCHANTING +1 swamp dragon scales.
  3486 | D:4      | 3486 ||| Stepping ~*~*~tactically~*~*~ (hiding).
  3488 | D:4      | 3488 ||| Stepping ~*~*~tactically~*~*~ (hiding).
  3557 | D:4      | Reached ** piety under Trog
  3654 | D:4      | Reached XP level 6. HP: 43/52 MP: 5/5
  3840 | D:4      | 3840 ||| UPGRADING to +0 tower shield.
  3845 | D:4      | 3845 ||| READING scroll labelled OXOFFOTEFE.
  3846 | D:4      | 3846 ||| READING scroll labelled MUPPEA WEANG.
  3846 | D:4      | Identified a scroll of acquirement
  3846 | D:4      | 3846 ||| ACQUIRING 697 gold pieces
  3846 | D:4      | Acquired 697 gold pieces
  3848 | D:4      | 3848 ||| READING scroll labelled MESUCO AHUVIK.
  3849 | D:4      | 3849 ||| DRINKING 2 white potions.
  3850 | D:4      | 3850 ||| DRINKING 2 pink potions.
  3851 | D:4      | 3851 ||| DRINKING 2 yellow potions.
  3852 | D:4      | 3852 ||| DROPPING potion of flight.
  3965 | D:3      | 3965 ||| Stepping ~*~*~tactically~*~*~ (hiding).
  3976 | D:3      | 3976 ||| Stepping ~*~*~tactically~*~*~ (stealth).
  3978 | D:3      | 3978 ||| Stepping ~*~*~tactically~*~*~ (stealth).
  3986 | D:3      | 3986 ||| Stepping ~*~*~tactically~*~*~ (stealth).
  4062 | D:3      | 4062 ||| UPGRADING to amulet of regeneration.
  4067 | D:3      | 4067 ||| UPGRADING to ring of protection from fire.
  4087 | D:5      | Entered Level 5 of the Dungeon
  4112 | D:5      | 4112 ||| INVOKING Berserk.
  4114 | D:5      | Reached skill level 1 in Shields
  4115 | D:5      | Reached skill level 3 in Shields
  4130 | D:5      | 4130 ||| DRINKING 4 potions of curing.
  4130 | D:5      | 4130 ||| (to cure confusion)
  4135 | D:5      | 4135 ||| DRINKING 3 potions of curing.
  4135 | D:5      | 4135 ||| (to cure confusion)
  4263 | D:5      | Reached XP level 7. HP: 59/59 MP: 6/6
  4318 | D:5      | 4318 ||| Stepping ~*~*~tactically~*~*~ (hiding).
  4322 | D:5      | 4322 ||| INVOKING Berserk.
  4467 | D:5      | Found a staircase to the Ecumenical Temple.
  4523 | D:5      | Reached skill level 6 in Shields
  4568 | D:5      | 4568 ||| Stepping ~*~*~tactically~*~*~ (hiding).
  4587 | D:5      | Reached skill level 1 in Throwing
  4701 | D:5      | 4701 ||| INVOKING Berserk.
  5093 | D:5      | 5093 ||| DROPPING amulet of guardian spirit.
  5094 | D:5      | 5094 ||| DROPPING ring of fire.
  5095 | D:5      | 5095 ||| READING scroll labelled ANUWEI GULIUDGH.
  5096 | D:5      | 5096 ||| READING scroll labelled MAMALU LIOPPY.
  5097 | D:5      | 5097 ||| DRINKING 3 murky yellow potions.
  5098 | D:5      | 5098 ||| READING 3 scrolls of identify.
  5098 | D:5      | 5098 ||| IDENTIFYING coppery potion
  5099 | D:5      | 5099 ||| READING 2 scrolls of identify.
  5099 | D:5      | 5099 ||| IDENTIFYING brown potion
  5100 | D:5      | 5100 ||| DROPPING potion of ambrosia.
  5101 | D:5      | 5101 ||| DROPPING 2 potions of brilliance.
  5111 | D:6      | 5111 ||| STAIRDANCE
  5121 | D:6      | 5121 ||| STAIRDANCE
  5127 | D:6      | 5127 ||| STAIRDANCE
  5129 | D:5      | 5129 ||| INVOKING Berserk.
  5255 | D:6      | 5255 ||| Stepping ~*~*~tactically~*~*~ (hiding).
  5344 | D:6      | 5344 ||| Stepping ~*~*~tactically~*~*~ (stealth).
  5345 | D:6      | 5345 ||| Stepping ~*~*~tactically~*~*~ (stealth).
  5347 | D:6      | 5347 ||| Stepping ~*~*~tactically~*~*~ (stealth).
  5350 | D:6      | 5350 ||| Stepping ~*~*~tactically~*~*~ (stealth).
  5353 | D:6      | Reached XP level 8. HP: 66/66 MP: 7/7
  5354 | D:6      | 5354 ||| Stepping ~*~*~tactically~*~*~ (hiding).
  5356 | D:6      | 5356 ||| Stepping ~*~*~tactically~*~*~ (stealth).
  5479 | D:6      | Reached skill level 9 in Shields
  5496 | D:6      | 5496 ||| Stepping ~*~*~tactically~*~*~ (hiding).
  5497 | D:6      | 5497 ||| Stepping ~*~*~tactically~*~*~ (hiding).
  5542 | D:6      | 5542 ||| Stepping ~*~*~tactically~*~*~ (stealth).
  5551 | D:6      | 5551 ||| Stepping ~*~*~tactically~*~*~ (stealth).
  5567 | D:6      | Reached skill level 9 in Axes
  5799 | D:6      | 5799 ||| Stepping ~*~*~tactically~*~*~ (hiding).
  5801 | D:6      | 5801 ||| Stepping ~*~*~tactically~*~*~ (hiding).
  5865 | D:6      | 5865 ||| Stepping ~*~*~tactically~*~*~ (hiding).
  6086 | D:6      | Reached XP level 9. HP: 74/74 MP: 8/8
  6094 | D:6      | 6094 ||| READING scroll labelled TUYCHI YHIETOI.
  6095 | D:6      | 6095 ||| READING 2 scrolls of identify.
  6095 | D:6      | 6095 ||| IDENTIFYING murky ruby potion
  6096 | D:6      | 6096 ||| DROPPING potion of lignification.
  6140 | D:7      | 6140 ||| SWAPPING to +0 war axe.
  6147 | D:7      | 6147 ||| INVOKING Berserk.
  6278 | D:7      | 6278 ||| DROPPING +0 hand axe of draining.
  6707 | D:7      | Found an ornate altar of the Wu Jian Council.
  6708 | D:7      | Reached *** piety under Trog
  6734 | D:7      | Found a sacrificial altar of Ru.
  6736 | D:7      | Found a burning altar of Makhleb.
  6736 | D:7      | Found a stormy altar of Qazlal.
  6784 | D:7      | 6784 ||| INVOKING Berserk.
  6801 | D:7      | 6801 ||| Stepping ~*~*~tactically~*~*~ (stealth).
  6807 | D:7      | Reached skill level 6 in Fighting
  6997 | D:7      | 6997 ||| DROPPING amulet of faith.
  7007 | D:8      | 7007 ||| STAIRDANCE
  7014 | D:8      | 7014 ||| STAIRDANCE
  7039 | D:7      | 7039 ||| DROPPING +0 morningstar.
  7059 | D:8      | 7059 ||| Stepping ~*~*~tactically~*~*~ (hiding).
  7060 | D:8      | 7060 ||| Stepping ~*~*~tactically~*~*~ (hiding).
  7170 | D:8      | 7170 ||| READING scroll of enchant armour.
  7170 | D:8      | 7170 ||| ENCHANTING +2 swamp dragon scales.
  7179 | D:8      | 7179 ||| READING scroll of enchant armour.
  7179 | D:8      | 7179 ||| ENCHANTING +3 swamp dragon scales.
  7191 | D:8      | Found a flagged portal.
  7259 | D:8      | Identified the +8 chain mail of Light {rC- Dex+6}
  7268 | D:8      | 7268 ||| Stepping ~*~*~tactically~*~*~ (hiding).
  7441 | D:8      | 7441 ||| READING scroll of enchant armour.
  7441 | D:8      | 7441 ||| ENCHANTING +4 swamp dragon scales.
  7661 | D:8      | 7661 ||| DROPPING +0 plate armour.
  7662 | D:8      | 7662 ||| UPGRADING to +0 pair of gloves.
  7667 | D:8      | 7667 ||| READING scroll labelled UKHLIA UKHUTZA.
  7668 | D:8      | 7668 ||| READING scroll labelled MAYCRO ZONANA.
  7669 | D:8      | 7669 ||| READING scroll labelled ECOLEA OGIGOGE.
  7673 | D:8      | 7673 ||| DRINKING 3 bubbling pink potions.
  7673 | D:8      | Gained mutation: You are partially covered in iridescent
                  | scales. (AC +2) [potion of mutation]
  7690 | D:9      | 7690 ||| STAIRDANCE
  7698 | D:8      | Reached skill level 3 in Armour
  7707 | D:9      | 7707 ||| INVOKING Berserk.
  7709 | D:9      | Reached skill level 12 in Shields
  7709 | D:9      | Reached XP level 10. HP: 60/83 MP: 9/9
  7709 | D:9      | 7709 ||| STAIRDANCE
  7763 | D:9      | 7763 ||| Stepping ~*~*~tactically~*~*~ (stealth).
  7799 | D:9      | 7799 ||| Stepping ~*~*~tactically~*~*~ (stealth).
  7824 | D:9      | Found a basalt altar of Yredelemnul.
  7824 | D:9      | Found an opulent altar of Gozag.
  7838 | D:9      | Found a shimmering altar of Xom.
  7838 | D:9      | Found an ornate altar of the Wu Jian Council.
  7868 | D:9      | Found a sacrificial altar of Ru.
  7869 | D:9      | Found a shimmering altar of Xom.
  7942 | D:9      | Noticed a death knight
  7942 | D:9      | Noticed a centaur warrior
  7943 | D:9      | 7943 ||| Stepping ~*~*~tactically~*~*~ (hiding).
  7945 | D:9      | Noticed a manticore
  7950 | D:9      | 7950 ||| INVOKING Berserk.
  7953 | D:9      | HP: 21/124 [mirror damage (18)]
  7959 | D:9      | Killed a death knight
  7960 | D:9      | Reached skill level 12 in Axes
  7960 | D:9      | HP: 15/124 [basilisk (3)]
  7965 | D:9      | HP: 8/83 [basilisk (5)]
  7966 | D:9      | 7966 ||| DRINKING potion of heal wounds.
  7973 | D:9      | Killed a centaur warrior
  7976 | D:9      | HP: 20/88 [manticore (3)]
  7982 | D:9      | Killed a manticore
  8043 | D:9      | Found the +8 Vampire's Tooth {vamp}
  8050 | D:9      | Identified the ring of Asceticism {rPois rC+ rCorr Dex-4
                  | SInv}
  8055 | D:9      | Identified the +2 halberd "Uffubb" {elec, *Noise rPois rF+
                  | rN+ Stlth+}
  8082 | D:9      | Reached **** piety under Trog
  8089 | D:9      | 8089 ||| INVOKING Berserk.
  8264 | D:9      | 8264 ||| Stepping ~*~*~tactically~*~*~ (stealth).
  8295 | D:9      | Found a staircase to the Lair.
  8510 | D:9      | 8510 ||| Stepping ~*~*~tactically~*~*~ (stealth).
  8512 | D:9      | 8512 ||| Stepping ~*~*~tactically~*~*~ (stealth).
  8521 | D:9      | 8521 ||| Stepping ~*~*~tactically~*~*~ (stealth).
  8524 | D:9      | 8524 ||| Stepping ~*~*~tactically~*~*~ (stealth).
  8606 | D:9      | Noticed a two-headed ogre
  8611 | D:9      | 8611 ||| INVOKING Berserk.
  8618 | D:9      | Killed a two-headed ogre
  8619 | D:9      | Reached XP level 11. HP: 78/94 MP: 10/10
  8676 | D:9      | 8676 ||| READING scroll of enchant armour.
  8676 | D:9      | 8676 ||| ENCHANTING +0 pair of gloves.
  8739 | D:9      | 8739 ||| INVOKING Berserk.
  9044 | D:9      | 9044 ||| PLANNING LAIR
  9044 | D:9      | 9044 ||| UPGRADING to ring of Asceticism {rPois rC+ rCorr
                  | Dex-4 SInv}.
  9046 | D:9      | 9046 ||| UPGRADING to +8 chain mail of Light {rC- Dex+6}.
  9056 | D:9      | 9056 ||| UPGRADING to +4 ring of protection.
  9058 | D:9      | 9058 ||| READING scroll labelled ZATAET MAXKUBB.
  9059 | D:9      | 9059 ||| DRINKING 2 red potions.
  9060 | D:9      | 9060 ||| DROPPING potion of degeneration.
  9111 | Lair:1   | Entered Level 1 of the Lair of Beasts
  9140 | Lair:1   | 9140 ||| Stepping ~*~*~tactically~*~*~ (stealth).
  9142 | Lair:1   | 9142 ||| Stepping ~*~*~tactically~*~*~ (stealth).
  9222 | Lair:1   | 9222 ||| Stepping ~*~*~tactically~*~*~ (stealth).
  9224 | Lair:1   | 9224 ||| Stepping ~*~*~tactically~*~*~ (stealth).
  9280 | Lair:1   | 9280 ||| READING scroll of enchant armour.
  9280 | Lair:1   | 9280 ||| ENCHANTING +1 pair of gloves.
  9365 | Lair:1   | 9365 ||| INVOKING Berserk.
  9370 | Lair:1   | Reached skill level 3 in Throwing
  9372 | Lair:1   | Noticed a six-headed hydra
  9374 | Lair:1   | 9374 ||| INVOKING Brothers in Arms.
  9375 | Lair:1   | 9375 ||| INVOKING Brothers in Arms.
  9376 | Lair:1   | 9376 ||| INVOKING Brothers in Arms.
  9377 | Lair:1   | 9377 ||| INVOKING Brothers in Arms.
  9378 | Lair:1   | 9378 ||| INVOKING Brothers in Arms.
  9379 | Lair:1   | 9379 ||| INVOKING Brothers in Arms.
  9379 | Lair:1   | HP: 22/94 [komodo dragon (6)]
  9380 | Lair:1   | 9380 ||| SWAPPING to +4 morningstar.
  9380 | Lair:1   | HP: 1/94 [komodo dragon (20)]
  9381 | Lair:1   | Slain by a black mamba

Levels and vault maps discovered:
D:1:      dpeg_arrival_water_fire, layout_basic
D:2:      layout_basic, minmay_crystal_water, uniq_crazy_yiuf_cottage,
          uniq_natasha
D:3:      layout_basic, minmay_gold_behind_fungi
D:4:      layout_cave_pools
D:5:      layout_basic, minmay_temple_entry_glassed_door
D:6:      layout_loops_cross
D:7:      layout_basic, grunt_temple_overflow_open
D:8:      layout_cave_pools, enter_bailey_6
D:9:      minmay_the_grid_octo_tiled_octocenter
          [minmay_the_grid_octo_fat_diamond, minmay_the_grid_octo_shrine,
          minmay_the_grid_octo_vomiting_pacman, minmay_the_grid_octo_empty,
          minmay_the_grid_octo_prize_square_snowflake,
          minmay_the_grid_square_5x5_empty, minmay_the_grid_square_5x5_shrine1,
          minmay_the_grid_square_5x5_inner_z,
          minmay_the_grid_square_5x5_two_walls_a], layout_stronghold
Lair:1:   gammafunk_indiana_jones, layout_regular_city, grunt_megastairs_5

Skill      XL: |  1  2  3  4  5  6  7  8  9 10 11 |
---------------+----------------------------------+-----
Axes           | 4 5 6 7 9 11 13 | 13.7
Fighting       | 4 5 6 7 8 |  8.0
Shields        | 5 7 10 12 13 | 13.0
Throwing       | 1 2 3 |  3.1
Armour         | 3 5 |  5.3
Dodging        | 4 |  4.2

Action                   |  1- 3 |  4- 6 |  7- 9 | 10-12 || total
-------------------------+-------+-------+-------+-------++-------
Melee: Hand axe          |    46 |   121 |   148 |       ||   315
       Headbutt          |     3 |    13 |    39 |    47 ||   102
       War axe           |       |       |   103 |   201 ||   304
       Morningstar       |       |       |       |     1 ||     1
Throw: Javelin           |       |     2 |    29 |    20 ||    51
       Boomerang         |       |       |     4 |     7 ||    11
Invok: Berserk           |     1 |     1 |     6 |     5 ||    13
       Brothers in Arms  |       |       |       |     1 ||     1
  Use: Potion            |     2 |     6 |     2 |     2 ||    12
       Scroll            |     1 |     9 |    12 |     3 ||    25
Armor: Animal skin       |     3 |       |       |       ||     3
       Scale mail        |     6 |    20 |       |       ||    26
       Swamp dragon scal |       |    31 |   100 |    66 ||   197
       Chain mail        |       |       |       |    50 ||    50
Dodge: Dodged            |    16 |    51 |    69 |    61 ||   197
Block: Tower shield      |       |     9 |   177 |   216 ||   402

Table legend:
 A = Non-vault XP
 B = Vault XP
 C = Vault XP percentage of total XP
 D = Non-vault monster count
 E = Vault monster count
 F = Vault count percentage of total count
                 A         B        C        D         E       F
            +---------+---------+-------+---------+---------+-------
      Total |   10723 |    4177 |  28.0 |     198 |      16 |   7.5
            +---------+---------+-------+---------+---------+-------
        D:1 |      30 |       0 |   0.0 |      18 |       0 |   0.0
        D:2 |      53 |      35 |  39.8 |      14 |       1 |   6.7
        D:3 |      65 |       0 |   0.0 |      19 |       0 |   0.0
        D:4 |     240 |       0 |   0.0 |      15 |       0 |   0.0
        D:5 |     958 |       0 |   0.0 |      26 |       0 |   0.0
        D:6 |    1421 |       0 |   0.0 |      25 |       0 |   0.0
        D:7 |    1327 |       0 |   0.0 |      23 |       0 |   0.0
        D:8 |     545 |       0 |   0.0 |       6 |       0 |   0.0
        D:9 |    3237 |    3697 |  53.3 |      38 |      13 |  25.5
     Lair:1 |    2847 |     445 |  13.5 |      14 |       2 |  12.5
            +---------+---------+-------+---------+---------+-------
